details: 'dumb faggots on other team'

« prev index next »

General information

Mini Map

Players

team 1
Undeadmorbid17 (purple | 74 APM | 1445 actions | 19:25)
Hero icon 5 Death Knight
Ability icon 2 Death Coil
Ability icon 3 Unholy Aura
Hero icon 1 Priestess of the Moon
Ability icon 1 Searing Arrows

» actions
Assign group hotkey16
Basic commands57
Build / train47
Enter build submenu13
Enter hero's abilities submenu6
Right click703
Select / deselect238
Select group hotkey311
Use ability54
1445 total
» units
Acolyte7
Ghoul3
Crypt Fiend11
Obsidian Statue4
25 total
» upgrades
Creature Attack2
Web1
Burrow2
5 total
» buildings
Altar of Darkness1
Ziggurat5
Graveyard1
Crypt3
Tomb of Relics1
Spirit Tower5
Halls of the Dead1
Slaughterhouse1
18 total
» build order
00:35 Altar of Darkness
00:40 Ziggurat
00:46 Graveyard
01:07 Crypt
01:57 Ziggurat
02:42 Tomb of Relics
02:50 Spirit Tower
03:16 Crypt
06:01 Ziggurat
06:02 Ziggurat
08:31 Halls of the Dead
09:54 Spirit Tower
10:36 Ziggurat
10:54 Slaughterhouse
11:35 Spirit Tower
11:36 Spirit Tower
15:15 Crypt
17:10 Spirit Tower
» items
Rod of Necromancy1
Potion of Healing2
Potion of Mana1
4 total
NightElfrexlam000 (red | 39 APM | 251 actions | 06:28)
Hero icon 2 Priestess of the Moon
Ability icon 1 Scout
Ability icon 1 Trueshot Aura

» actions
Build / train21
Enter build submenu11
Enter hero's abilities submenu2
Right click126
Select / deselect71
Use ability20
251 total
» units
Wisp11
Archer5
Huntress2
18 total
» buildings
Moon Well4
Altar of Elders1
Ancient of War3
Hunter's Hall1
Ancient of Wonders1
10 total
» build order
00:22 Moon Well
00:26 Altar of Elders
00:47 Ancient of War
02:33 Moon Well
02:51 Ancient of War
02:58 Hunter's Hall
03:10 Ancient of War
03:49 Ancient of Wonders
05:24 Moon Well
06:08 Moon Well
OrcTheRascal (orange | 66 APM | 1289 actions | 19:26)
Hero icon 6 Blademaster
Ability icon 3 Wind Walk
Ability icon 2 Critical Strike
Ability icon 1 Bladestorm

» actions
Assign group hotkey64
Basic commands18
Build / train46
Enter build submenu31
Enter hero's abilities submenu6
Give item / drop item3
Right click673
Select / deselect250
Select group hotkey99
Use ability99
1289 total
» units
Peon15
Grunt4
Troll Batrider4
Wind Rider2
25 total
» upgrades
Armor2
Pillage1
Ranged Weapons1
4 total
» buildings
Orc Burrow4
Altar of Storms1
Barracks1
Voodoo Lounge2
Stronghold1
War Mill2
Beastiary2
Watch Tower17
Great Hall3
Fortress1
34 total
» build order
00:24 Orc Burrow
00:53 Altar of Storms
00:54 Barracks
01:13 Orc Burrow
01:38 Voodoo Lounge
01:44 Voodoo Lounge
03:12 Stronghold
04:06 Orc Burrow
05:19 War Mill
05:58 Beastiary
06:01 Beastiary
08:00 Orc Burrow
08:03 Watch Tower
08:04 Watch Tower
08:05 Watch Tower
10:00 Great Hall
10:48 Watch Tower
10:48 Watch Tower
10:49 Watch Tower
10:49 Watch Tower
10:52 Watch Tower
12:21 Great Hall
13:08 Great Hall
13:36 War Mill
14:37 Watch Tower
14:37 Watch Tower
14:38 Watch Tower
14:39 Watch Tower
14:40 Watch Tower
15:20 Fortress
16:04 Watch Tower
17:38 Watch Tower
17:39 Watch Tower
17:39 Watch Tower
» items
Healing Salve4
Scroll of Town Portal2
Rod of Necromancy1
Boots of Speed1
8 total
Random» OrcPeRu_ViDa-LoKa (teal | 35 APM | 682 actions | 19:25)
Hero icon 6 Blademaster
Ability icon 2 Wind Walk
Ability icon 3 Critical Strike
Ability icon 1 Bladestorm
Hero icon 1 Priestess of the Moon
Ability icon 1 Trueshot Aura

» actions
Basic commands125
Build / train83
Enter build submenu28
Enter hero's abilities submenu7
Select / deselect369
Use ability70
682 total
» units
Peon10
Wisp9
Huntress1
Raider11
Shaman6
Troll Witch Doctor5
Hippogryph5
Chimaera8
55 total
» upgrades
Pillage1
Ensnare1
Shaman Training2
Witch Doctor Training2
Backpack2
Armor1
Moon Armor1
Nature's Blessing1
Corrosive Breath1
Strength of the Moon1
Well Spring1
14 total
» buildings
Orc Burrow10
Altar of Storms1
Voodoo Lounge1
Stronghold1
War Mill1
Beastiary2
Spirit Lodge2
Fortress1
Tree of Ages1
Tree of Eternity1
Ancient of Wind1
Chimaera Roost3
Moon Well4
Ancient of Wonders1
30 total
» build order
00:27 Orc Burrow
00:41 Altar of Storms
00:55 Orc Burrow
01:00 Orc Burrow
01:38 Orc Burrow
02:02 Voodoo Lounge
02:18 Orc Burrow
02:37 Orc Burrow
03:09 Orc Burrow
03:19 Stronghold
04:01 War Mill
05:55 Beastiary
06:01 Spirit Lodge
06:04 Beastiary
06:11 Spirit Lodge
06:28 Orc Burrow
06:51 Fortress
07:04 Orc Burrow
08:48 Tree of Ages
10:26 Orc Burrow
11:10 Tree of Eternity
11:14 Ancient of Wind
14:43 Chimaera Roost
14:47 Chimaera Roost
14:50 Chimaera Roost
15:24 Moon Well
15:27 Moon Well
16:21 Moon Well
16:23 Moon Well
16:53 Ancient of Wonders
» items
Orb of Lightning1
Scroll of Town Portal1
2 total
team 2
Random» OrcSmurf123 (yellow | 62 APM | 17 actions | 00:16)

» actions
Build / train1
Enter build submenu2
Right click9
Select / deselect4
Use ability1
17 total
» units
Peon1
1 total
» buildings
Altar of Storms1
1 total
» build order
00:09 Altar of Storms
Random» OrcDragon-9 (blue | 75 APM | 1466 actions | 19:25)
Hero icon 5 Far Seer
Ability icon 2 Feral Spirit
Ability icon 3 Chain Lighting
Hero icon 4 Shadow Hunter
Ability icon 2 Healing Wave
Ability icon 2 Hex
Hero icon 1 Tauren Chieftain
Ability icon 1 War Stomp
Hero icon 1 Mountain King
Ability icon 1 Bash

» actions
Assign group hotkey61
Basic commands62
Build / train85
Enter build submenu16
Enter hero's abilities submenu11
Right click638
Select / deselect378
Select group hotkey128
Use ability87
1466 total
» units
Peon8
Grunt9
Demolisher1
Troll Headhunter/Berserker12
Gryphon Rider4
Peasant2
Shaman8
Wind Rider1
45 total
» upgrades
Pillage1
Armor3
Berserker Strength1
Melee Weapons1
Storm Hammers1
Berserker Upgrade2
Envenomed Spears1
10 total
» buildings
Altar of Storms1
Orc Burrow8
Barracks2
Stronghold1
War Mill1
Fortress2
Beastiary1
16 total
» build order
00:05 Altar of Storms
00:08 Orc Burrow
00:23 Orc Burrow
01:09 Orc Burrow
01:30 Barracks
01:54 Barracks
02:28 Orc Burrow
05:27 Stronghold
06:23 War Mill
06:32 Orc Burrow
07:27 Orc Burrow
07:52 Fortress
11:14 Orc Burrow
14:24 Fortress
14:26 Beastiary
17:22 Orc Burrow
» items
Potion of Healing3
Potion of Lesser Invulnerability1
Scroll of Town Portal1
Orb of Fire2
7 total
Random» HumanTokinEls (pink | 50 APM | 610 actions | 12:11)
Hero icon 1 Mountain King
Ability icon 1 Storm Bolt
Hero icon 2 Tauren Chieftain
Ability icon 1 Endurance Aura
Ability icon 1 Shockwave

» actions
Assign group hotkey30
Build / train83
Enter build submenu24
Enter hero's abilities submenu3
Remove unit from queue1
Right click167
Select / deselect231
Select group hotkey35
Use ability36
610 total
» units
Peasant10
Peon6
Footman20
Grunt15
Shaman3
Gryphon Rider2
56 total
» upgrades
Pillage1
Defend1
Melee Weapons2
Berserker Strength1
Witch Doctor Training1
Shaman Training2
Lumber Harvesting1
Animal War Training1
10 total
» buildings
Barracks2
Altar of Kings1
Orc Burrow4
Farm7
Lumber Mill1
War Mill1
Keep4
Arcane Vault1
Stronghold1
Castle1
Scout Tower3
Guard Tower2
Spirit Lodge1
Arcane Tower1
Gryphon Aviary2
Blacksmith1
33 total
» build order
00:09 Barracks
00:14 Altar of Kings
00:23 Orc Burrow
00:35 Farm
00:45 Barracks
01:15 Farm
01:54 Farm
02:03 Orc Burrow
02:37 Farm
02:51 Orc Burrow
02:59 Lumber Mill
03:17 War Mill
03:22 Farm
04:40 Keep
04:40 Keep
04:41 Keep
04:57 Arcane Vault
05:17 Stronghold
06:15 Farm
07:04 Farm
07:07 Castle
07:27 Scout Tower
07:30 Scout Tower
08:00 Guard Tower
08:03 Guard Tower
08:06 Scout Tower
08:18 Spirit Lodge
08:40 Arcane Tower
08:47 Gryphon Aviary
08:50 Gryphon Aviary
09:05 Blacksmith
11:48 Orc Burrow
» items
Scroll of Regeneration1
1 total
OrcRE-TaLepRo (green | 25 APM | 443 actions | 17:43)
Hero icon 1 Far Seer
Ability icon 1 Feral Spirit

» actions
Basic commands2
Build / train41
Enter build submenu26
Enter hero's abilities submenu1
Right click148
Select / deselect191
Use ability34
443 total
» units
Peon9
Grunt10
Troll Headhunter/Berserker4
Raider10
33 total
» upgrades
Melee Weapons2
Berserker Strength1
Spiked Barricades1
4 total
» buildings
Altar of Storms1
Orc Burrow6
Barracks2
War Mill1
Voodoo Lounge1
Watch Tower7
Stronghold1
Beastiary5
24 total
» build order
00:07 Altar of Storms
00:10 Orc Burrow
01:03 Barracks
01:46 War Mill
02:09 Voodoo Lounge
02:26 Orc Burrow
02:43 Orc Burrow
03:16 Watch Tower
03:33 Watch Tower
03:59 Watch Tower
05:52 Barracks
05:59 Watch Tower
06:19 Stronghold
07:52 Watch Tower
09:46 Beastiary
11:12 Orc Burrow
11:17 Orc Burrow
11:21 Beastiary
11:38 Orc Burrow
12:46 Beastiary
13:52 Watch Tower
14:56 Beastiary
15:12 Beastiary
15:44 Watch Tower

Chat log


(02:21 / Allies) rexlam000: 3 orc
(02:24 / Allies) morbid17: fun
(02:57 / Allies) morbid17: pink coming for me?

(04:41 / Allies) morbid17: gdi

(06:26 / Allies) TheRascal: repair....
(06:28 / All) TokinEls: see ya

(08:18 / Allies) TheRascal: b

(10:32 / Allies) TheRascal: someone taking red?
(11:09 / Allies) morbid17: upg

(15:22 / Allies) TheRascal: wood?